Map: Ruins of Seras

Players

Grumm

  • Race: Zerg Zerg
  • League: Gold

Atloy - Winner!

  • Race: Zerg Zerg
  • League: Silver

VOD

Have the link to the VOD?

Description

Time

  • Played on: Feb. 2, 2016, 1:26 p.m.
  • Length: 7:58
Show
View Real Time Build Order
Export as new Build Order

Grumm Zerg 

Build Orders: Hatch First 

Get SALT Encoding   

  12  0:29  Hatchery  
  12  0:33  Drone  
  12  0:52  Spawning Pool  
  12  0:55  Drone  
  12  1:04  Overlord  
  12  1:12  Drone  
  12  1:14  Drone  
  14  1:36  Drone x2  
  14  1:39  Queen  
  18  1:44  Zergling x2  
  19  1:47  Zergling x2  
  19  1:53  Queen  
  22  2:00  Extractor  
  21  2:02  Drone, Extractor  
  21  2:14  Drone  
  21  2:15  Drone x2  
  24  2:29  Drone  
  25  2:30  Drone x3  
  27  3:04  Zergling x2, Overlord  
  28  3:17  Spine Crawler  
  28  3:19  Spine Crawler  
  25  3:23  Zergling x12  
  25  3:24  Zergling x2  
  32  3:32  Spine Crawler  
  27  3:49  Zergling x8  
  28  4:01  Zergling x6  
  29  4:25  Zergling x2  
  29  4:26  Zergling x8  
  34  4:39  Zergling x4  
  35  4:56  Drone  
  36  5:15  Roach Warren  
  36  5:16  Overlord x2  
  33  5:49  Hatchery  
  32  6:08  Drone x2  
  34  6:13  Lair  
  34  6:15  Drone x2  
  36  6:38  Drone x5  
  41  6:49  Roach x2  
  45  7:01  Roach  
  45  7:02  Roach  
  45  7:05  Overlord  
  49  7:23  Evolution Chamber  
  52  7:30  Roach x2  
Show
View Real Time Build Order
Export as new Build Order

Atloy Zerg - Winner!

Build Orders: Pool First 

Get SALT Encoding   

  12  0:01  Drone  
  13  0:14  Overlord  
  13  0:19  Drone  
  14  0:34  Drone x2, Extractor  
  15  0:50  Spawning Pool  
  15  0:51  Drone  
  15  0:53  Drone  
  16  1:01  Drone  
  17  1:09  Drone  
  18  1:33  Hatchery  
  18  1:37  Zergling x4  
  19  1:45  Queen  
  21  1:53  Zergling x2  
  22  1:58  Overlord  
  22  2:05  Metabolic Boost  
  22  2:14  Overlord  
  22  2:22  Zergling x2  
  23  2:32  Zergling x2  
  24  2:37  Zergling x2  
  25  2:44  Queen  
  25  2:49  Zergling x4  
  29  2:55  Zergling x4  
  29  2:56  Zergling x2  
  32  3:03  Zergling x2  
  32  3:04  Zergling x2  
  33  3:12  Zergling x4  
  35  3:20  Zergling x4  
  37  3:29  Zergling x4  
  37  3:33  Drone  
  37  3:49  Zergling x8  
  39  3:59  Zergling x6  
  40  4:04  Drone  
  38  4:13  Drone x3  
  40  4:19  Zergling x2  
  41  4:29  Drone, Baneling Nest  
  40  4:43  Drone x3  
  42  4:54  Zergling x2  
  42  4:55  Overlord x2  
  42  5:07  Overlord x2  
  42  5:15  Extractor  
  42  5:17  Drone x5  
  46  5:28  Zergling x4  
  45  5:40  Zergling x4  
  40  5:46  Zergling x10  
  45  5:52  Zergling x6  
  48  5:57  Drone  
  49  6:10  Roach Warren  
  48  6:14  Drone x3  
  48  6:17  Drone  
  52  6:23  Drone  
  52  6:24  Zergling x10  
  58  6:31  Extractor  
  57  6:40  Drone  
  57  6:41  Drone x2  
  57  6:44  Hatchery  
  57  6:47  Zergling x2  
  57  6:51  Zergling x10  
  57  6:52  Zergling x2  
  64  7:07  Evolution Chamber  
  63  7:10  Baneling x7  
  63  7:11  Baneling x2  
  63  7:18  Queen  
  65  7:26  Extractor  
  65  7:27  Roach  
  66  7:30  Overlord x2  
Tags
 
Add a new tag
Caveats
  • Supply blocks, unpowered buildings, or Contaminate may cause inaccurate times.
  • Supply counts are checked every 10 seconds.